 Dungeon Crawl Stone Soup version 0.28-a0-10-g964c8b829e (webtiles) character file.

Game seed: 14463537370624955641

44 HAL9000 the Sneak (level 3, -1/18 HPs)
             Began as a Vine Stalker Brigand on July 25, 2021.
             Slain by a quokka (2 damage)
             ... on level 3 of the Dungeon.
             The game lasted 00:03:49 (1654 turns).

HAL9000 the Sneak (Vine Stalker Brigand)            Turns: 1654, Time: 00:03:50

Health: -1/18      AC:  4    Str: 13    XL:     3   Next: 62%
Magic:  0/4        EV: 11    Int: 12    God:
Gold:   54         SH:  0    Dex: 15    Spells: 2/2 levels left

rFire   + . .      SeeInvis .   a - +2 dagger
rCold   + . .      Faith    .   (no shield)
rNeg    . . .      Spirit   +   b - +0 robe
rPois   +          Reflect  .   (no helmet)
rElec   +          Harm     .   c - +0 cloak
rCorr   +          Rampage  .   g - +0 pair of gloves
Will    .....                   (no boots)
Stlth   +++.......              (no amulet)
HPRegen 0.06/turn               (no ring)
MPRegen 0.09/turn               (no ring)

@: resistant
A: fangs 2, magic shield, antimagic bite, no potion heal 2
a: no special abilities


You were on level 3 of the Dungeon.
You visited 1 branch of the dungeon, and saw 3 of its levels.

You collected 54 gold pieces.

Inventory:

Hand Weapons
 a - a +2 dagger (weapon)
Missiles
 d - 15 poisoned darts (quivered)
 e - 2 curare-tipped darts
 m - 56 stones
Armour
 b - a +0 robe (worn)
 c - a +0 cloak (worn)
 g - a +0 pair of gloves (worn)
Scrolls
 f - 4 scrolls of fear {unknown}
 h - 3 scrolls of identify {unknown}
Potions
 i - a potion of invisibility {unknown}
 k - 2 potions of might {unknown}
 l - a potion of berserk rage {unknown}


   Skills:
 - Level 1.7 Fighting
 - Level 1.7 Short Blades
 + Level 3.5 Throwing
 - Level 0.7 Dodging
 - Level 4.8 Stealth


You had 2 spell levels left.
You didn't know any spells.
Your spell library contained the following spells:

 Spells                   Type           Power      Damage    Failure   Level
 Sting                    Tmut/Pois      0%         1d3       32%         1
 Poisonous Vapours        Pois/Air       0%         N/A       45%         2
 Slow                     Hex            0%         N/A       45%         2
 Confusing Touch          Hex            0%         N/A       69%         3
 Olgreb's Toxic Radiance  Pois           0%         N/A       97%         4
 Yara's Violent Unravell  Hex/Tmut       0%         3d3       100%        5


Dungeon Overview and Level Annotations

Branches:
Dungeon (2/15)

Altars:

Shops:
D:2 (

Annotations:
D:3 Terence


Innate Abilities, Weirdness & Mutations

You have extremely sharp teeth.
When hurt, damage is shared between your health and your magic reserves.
Your bite disrupts and absorbs the magic of your enemies.
Potions cannot restore your health.


Message History

The orc wizard hits you with a +0 dagger.
The quokka barely misses you.
You miss the orc wizard.
The orc wizard is moderately wounded.
The quokka bites you.
The orc wizard hits you with a +0 dagger.
* * * LOW HITPOINT WARNING * * *
Unknown command.
You hit the orc wizard but do no damage.
You bite the orc wizard.
The orc wizard's magic leaks into the air.
You drain its magic.
You feel invigorated.
The orc wizard is heavily wounded.
The quokka misses you.
The orc wizard falters for a moment.
You hit the orc wizard.
The orc wizard is severely wounded.
The quokka barely misses you.
The orc wizard hits you with a +0 dagger.
* * * LOW HITPOINT WARNING * * *
Unknown command.
You miss the orc wizard.
You bite the orc wizard, but do no damage.
The orc wizard is severely wounded.
The quokka barely misses you.
Terence screams, "I'm going to kill you!"
The orc wizard barely misses you.
It was a potion of resistance.
You feel protected.
The quokka bites you but does no damage.
The orc wizard falters for a moment.
The quokka bites you.
* * * LOW HITPOINT WARNING * * *
Unknown command.
You closely miss the orc wizard.
The orc wizard is severely wounded.
The quokka misses you. The orc wizard closely misses you.
Unknown command.
You closely miss the orc wizard.
The orc wizard is severely wounded.
The quokka bites you.
You die...

###### #....#
#....#
##########....#
#.....o.##.?..##
#@r@s..>.#
####.....##
#.....(######
#....#.......
#...........(
##....#....
#....#####
#.....######.#
##.............


You could see Terence, a scorpion, an orc wizard and a quokka.

Vanquished Creatures
  2 adders (D:2)
  A worm (D:2)
  2 endoplasms (D:1)
  3 giant cockroaches
  A goblin (D:2)
  2 hobgoblins (D:1)
  A kobold (D:1)
  2 quokkas
  3 ball pythons
  A bat (D:2)
  A frilled lizard (D:1)
  3 rats
22 creatures vanquished.

Notes
Turn   | Place    | Note
-------+----------+-------------------------------------------
     0 | D:1      | HAL9000 the Vine Stalker Brigand began the quest for the
                  | Orb.
     0 | D:1      | Reached XP level 1. HP: 11/11 MP: 2/2
    90 | D:1      | Noticed a great orb of eyes
    92 | D:1      | Found a faded altar of an unknown god.
    94 | D:1      | Noticed a shining eye
    94 | D:1      | Noticed a golden eye
    94 | D:1      | Noticed a floating eye
   279 | D:1      | Reached XP level 2. HP: 10/15 MP: 3/3
   839 | D:2      | Found Zaeteal's Antique Weapon Shoppe.
  1314 | D:2      | Reached XP level 3. HP: 14/18 MP: 2/4
  1599 | D:2      | You fall into a shaft and drop 1 floor!
  1631 | D:3      | Noticed Terence
  1632 | D:3      | Noticed a scorpion
  1654 | D:3      | Slain by a quokka

Illustrated notes

Levels and vault maps discovered:
D:1:      psy_arrival_conway, layout_basic,
          hellmonk_ecumenical_altar_watching_god
D:2:      layout_basic, serial_shops, shop
D:3:      layout_rooms, nicolae_hepliaklqana_monster_ancestors,
          minmay_misc_feat_rugged, kennysheep_path_1, uniq_robin, uniq_terence

Skill      XL: |  1  2 |
---------------+-------+-----
Throwing       | 2 3 |  3.5
Fighting       | |  1.7
Short Blades   | |  1.7
Dodging        | |  0.7
Stealth        | |  4.8

Action                   || total
-------------------------++-------
Melee: Dagger            ||    56
       Bite              ||    14
Throw: Dart              ||    24
  Use: Potion            ||     1
 Stab: Sleeping          ||     3
Armor: Robe              ||    21
Dodge: Dodged            ||    36

Table legend: (Time is in decaauts)
 A = Elapsed time spent in this place.
 B = Non-inter-level travel time spent in this place.
 C = Inter-level travel time spent in this place.
 D = Time resting spent in this place.
 E = Time spent auto-exploring this place.
 F = Levels seen in this place.
 G = Mean time per level.
                   A        B        C        D        E       F      G
               +--------+--------+--------+--------+--------+-----+--------+
         Total |   1650 |   1555 |     95 |    197 |   1162 |   3 |  550.0 |
       Dungeon |   1650 |   1555 |     95 |    197 |   1162 |   3 |  550.0 |
               +--------+--------+--------+--------+--------+-----+--------+

Top non-repeatable levels by time:
     D:1: 884 daAuts
     D:2: 712 daAuts
     D:3: 53 daAuts
